AoeStats
← Hamza Khan

African Clearing

506731041Analyzed
4v4 RM · 18d ago on Sep 14, 2026· 48m 15s· 8 players
Game mode
Random Map
Map size
Large (8 player)
Population
200
Speed
Normal
Resources
Standard
Victory
Conquest
Starting age
Dark Age
Ending age
Imperial Age
RankedLock teamsTeams togetherTeam positionsShared explorationLock speedFull tech treeHidden civsTurbo modeCheats
Victory
Defeat
🇫🇮 Hindustanis · Finland
1084
+9
🇺🇸 Koreans · United States
1010
+12
🇦🇷 Maya · Argentina
1008
+12
🇺🇸 Teutons · United States
931
+15
🇵🇪 Persians · Peru
1028
-17
🇸🇪 Burgundians · Sweden
915
-12
🇦🇷 Vietnamese · Argentina
907
-11
🇵🇪 Slavs · Peru
792
-8
max
13:07 Loom
15:02 Feudal Age
15:57 Double-Bit Axe
24:13 Castle Age
23:36 Horse Collar
24:37 Fletching
26:47 Bodkin Arrow
32:29 Bow Saw
36:54 Imperial Age
35:59 Eupseong
37:57 Wheelbarrow
37:08 Town Watch
37:38 Bracer
42:40 Conscription
42:49 Pikeman
43:30 Squires
44:17 Halberdier
46:56 Forging
48:40 Iron Casting
mbettis243
4:31 Loom
15:49 Feudal Age
16:17 Double-Bit Axe
16:17 Town Watch
19:43 Wheelbarrow
20:08 Stone Mining
22:23 Castle Age
21:42 Gold Mining
22:52 Pikeman
25:06 Squires
25:46 Sanctity
31:45 Fletching
32:33 Fervor
39:41 Hand Cart
41:27 Gambesons
42:03 Arson
43:42 Redemption
44:22 Scale Mail Armor
44:33 Forging
50:45 Imperial Age
kiertolaispoika
6:08 Loom
13:08 Feudal Age
14:29 Horse Collar
15:05 Double-Bit Axe
20:13 Castle Age
22:22 Bow Saw
26:28 Heavy Plow
31:25 Forging
36:58 Imperial Age
35:07 Wheelbarrow
34:18 Town Watch
35:02 Bloodlines
34:56 Husbandry
35:41 Gold Mining
37:10 Hand Cart
37:22 Heavy Camel Rider
40:15 Chemistry
39:53 Iron Casting
39:26 Scale Barding Armor
42:01 Imperial Camel Rider
44:11 Town Patrol
45:13 Blast Furnace
48:28 Two-Man Saw
juan.uquia
4:28 Loom
14:02 Feudal Age
15:54 Fletching
16:47 Wheelbarrow
16:04 Double-Bit Axe
21:23 Scale Mail Armor
22:08 Town Watch
28:51 Town Watch
31:00 Forging
49:23 Castle Age
-Nv.~|Annier^^!|
4:34 Loom
16:35 Feudal Age
17:58 Wheelbarrow
17:10 Double-Bit Axe
18:26 Man-at-Arms
19:15 Horse Collar
26:18 Castle Age
27:19 Hand Cart
28:57 Bow Saw
30:03 Stone Mining
30:03 Gold Mining
31:32 Bloodlines
31:57 Detinets
33:21 Light Cavalry
34:48 Gold Shaft Mining
34:47 Heavy Plow
37:46 Imperial Age
36:26 Scale Barding Armor
38:34 Town Watch
39:25 Masonry
39:36 Ballistics
40:14 Fletching
40:34 Forging
42:23 Iron Casting
44:11 Two-Man Saw
43:56 Conscription
Facuxx26
6:45 Loom
16:59 Feudal Age
19:30 Wheelbarrow
19:32 Double-Bit Axe
23:34 Castle Age
21:45 Man-at-Arms
24:00 Crossbowman
32:48 Long Swordsman
37:16 Horse Collar
38:24 Gold Mining
39:20 Stone Mining
40:52 Arson
42:25 Thumb Ring
42:07 Pikeman
48:45 Imperial Age
Hamza Khan
3:57 Loom
15:44 Feudal Age
14:31 Double-Bit Axe
19:07 Wheelbarrow
18:48 Bow Saw
18:58 Horse Collar
22:38 Hand Cart
27:14 Heavy Plow
30:26 Castle Age
28:35 Town Watch
28:48 Gold Mining
28:52 Stone Mining
31:22 Gold Shaft Mining
31:26 Stone Shaft Mining
31:12 Squires
30:32 Pikeman
30:58 Arson
30:38 Elite Skirmisher
37:28 Imperial Age
37:52 Two-Man Saw
39:39 Chemistry
39:31 Conscription
40:35 Halberdier
MapacheZebra
3:53 Loom
17:49 Feudal Age
25:31 Wheelbarrow
28:12 Castle Age
27:55 Double-Bit Axe
30:26 Hand Cart
37:15 Horse Collar
39:14 Bow Saw
38:52 Light Cavalry
39:43 Bloodlines
41:33 Pikeman
42:13 Squires
46:38 Heavy Plow
Connection lost

Rejoining the realm…

Still unreachable

The connection could not be restored.

Session expired

The server has moved on; the page needs a fresh start.